 Dungeon Crawl Stone Soup version 0.21.1-1-g345015f (webtiles) character file.

142954 equalderp2856 the Severer (level 16, 0/149 HPs)
             Began as a Minotaur Fighter on May 10, 2018.
             Killed from afar by Nikola (12 damage)
             ... with a chain lightning
             ... on level 3 of the Snake Pit on May 11, 2018.
             The game lasted 01:44:32 (42661 turns).

equalderp2856 the Severer (Minotaur Fighter)       Turns: 42661, Time: 01:44:35

Health: 0/149      AC: 28    Str: 31    XL:     16   Next: 81%
Magic:  0/23       EV: 11    Int:  8    God:
Gold:   1595       SH: 15    Dex: 12    Spells: 22/26 levels left

rFire    . . .     SeeInvis .   R - +0 broad axe
rCold    + . .     Gourm    .   c - +0 shield
rNeg     . . .     Faith    .   L - +2 plate armour {rC+}
rPois    +         Spirit   +   o - +2 hat {MR+}
rElec    .         Reflect  .   Y - +1 cloak
rCorr    .         Harm     .   x - +1 pair of gloves
MR       ++...                  g - +0 pair of boots of Disaster {Str+4}
Stlth    ..........             u - amulet of guardian spirit
HPRegen  0.34/turn              S - +4 ring of strength
MPRegen  0.18/turn              I - ring of poison resistance

@: no status effects
A: retaliatory headbutt, horns 2
a: no special abilities


You were on level 3 of the Snake Pit.
You were not hungry.

You visited 4 branches of the dungeon, and saw 26 of its levels.
You also visited: Labyrinth and Volcano.

You collected 2336 gold pieces.
You spent 741 gold pieces at shops.

Inventory:

Hand Weapons
 y - a +3 trident
 R - a +0 broad axe (weapon)
Armour
 c - a +0 shield (worn)
 g - the +0 pair of boots of Disaster (worn) {Str+4}
   (You found it on level 3 of the Lair of Beasts)

   It affects your strength (+4).
 o - a +2 hat of magic resistance (worn)
 p - a +0 plate armour of magic resistance
 x - a +1 pair of gloves (worn)
 L - a +2 plate armour of cold resistance (worn)
 T - a scarf of resistance
 U - the +7 shield "Oblutym" {*Corrode rPois rN++}
   (You took it off Asterion on level 2 of the Snake Pit)

   It protects you from poison.
   It greatly protects you from negative energy.
   It may corrode you when you take damage.
 Y - a +1 cloak (worn)
Jewellery
 t - an uncursed ring of protection from fire
 u - an amulet of guardian spirit (around neck)
 w - the ring of Jutuckym {+Fly rF+ rC+ Int+2 Dex+2}
   (You found it on level 4 of the Dungeon)

   [ring of protection from cold]

   It affects your intelligence (+2).
   It affects your dexterity (+2).
   It protects you from fire.
   It protects you from cold.
   It lets you fly.
 I - a ring of poison resistance (right hand)
 J - an uncursed ring of stealth
 S - a +4 ring of strength (left hand)
 X - a cursed -2 ring of intelligence
Wands
 b - a wand of paralysis (35)
 n - a wand of clouds (2)
 A - a wand of scattershot (4)
 B - a wand of flame (12)
 M - a wand of iceblast (6)
 W - a wand of enslavement (18)
Scrolls
 a - a scroll of summoning
 e - 5 scrolls of fog
 i - 4 scrolls of magic mapping
 j - 5 scrolls of fear
 l - 2 scrolls of identify
 m - 5 scrolls of amnesia
 q - 6 scrolls of teleportation
 D - 2 scrolls of enchant armour
 E - 2 scrolls of enchant weapon
 G - 3 scrolls of noise
 H - 13 scrolls of remove curse
 Q - 4 scrolls of vulnerability
Potions
 d - 3 potions of might
 h - 2 potions of curing
 k - 4 potions of lignification
 r - 2 potions of berserk rage
 s - 8 potions of brilliance
 v - 4 potions of heal wounds
 z - 4 potions of agility
 C - 2 potions of haste
 F - 4 potions of ambrosia
 K - 2 potions of flight {unknown}
 N - a potion of magic {unknown}
 O - 4 potions of degeneration
Books
 Z - a book of Geomancy

   Spells                             Type                      Level
   a - Sandblast                      Earth                        1
   b - Passwall                       Transmutation/Earth          2
   c - Stone Arrow                    Conjuration/Earth            3
   d - Petrify                        Transmutation/Earth          4
   e - Lee's Rapid Deconstruction     Earth                        5
Miscellaneous
 P - a lightning rod (4/4)
 V - a phantom mirror
Comestibles
 f - 15 rations


   Skills:
 + Level 15.1 Fighting
 + Level 18.8(19.0) Axes
 + Level 3.9(13.3) Polearms
 + Level 15.4 Armour
 + Level 5.6 Dodging
 + Level 3.0 Stealth
 + Level 15.6 Shields
 - Level 5.5 Spellcasting
 * Level 4.3 Translocations
 + Level 4.5 Evocations


You had 22 spell levels left.
You knew the following spells:

 Your Spells              Type           Power        Failure   Level  Hunger
a - Force Lance           Conj/Tloc      #.......     99%         4    #####..


Dungeon Overview and Level Annotations

Branches:
Dungeon (15/15)            Temple (0/1) D:6            Lair (6/6) D:11
 Shoals (0/4) Lair:3        Snake (3/4) Lair:4        Slime (0/5) Lair:6
    Orc (2/2) D:10            Elf (0/3) Orc:2        Vaults (0/5) D:14
 Depths (0/5) D:15

Altars:
Dithmenos
Gozag
Hepliaklqana
Okawaru
Qazlal
Ru
Vehumet
Beogh
Jiyva

Shops:
D:4 :   D:5 (   D:6 [   D:7 [   D:10 }   D:15 (   Orc:2 :[*%   Snake:2 =

Annotations:
D:5 Blork the orc, Prince Ribbit
D:10 Fannar
Lair:2 exclusion: 4 oklob plants
Snake:1 Saint Roka
Snake:3 Nikola


Innate Abilities, Weirdness & Mutations

You reflexively headbutt those who attack you in melee.
You have a pair of horns on your head.


Message History

There is an open door here.
There is an open door here.
Nikola casts a spell.
You hear a mighty clap of thunder!
The lightning arc hits you!
The lightning arc hits Nikola.
The lightning arc hits you!
The lightning arc grounds out.
Nikola gestures wildly while chanting.
You hear a mighty clap of thunder!
The lightning arc hits you!
The lightning arc hits Nikola.
The lightning arc hits you!
The lightning arc hits Nikola.
The lightning arc hits you!
The lightning arc hits Nikola.
Unknown command.
Nikola mumbles some strange words.
You hear a mighty clap of thunder!
The lightning arc hits you!
* * * LOW HITPOINT WARNING * * *
The lightning arc hits Nikola.
The lightning arc hits you!
* * * LOW HITPOINT WARNING * * *
The lightning arc hits Nikola.
The lightning arc hits you!
You die...

.##....###.###########.....##..(.
.##....##...........##.....##....
.##....##...........##.....####'#
.########...........##.(....###.#
.########...@.......##...........
.##....##...........##...........
#....##...........##...........
#....##...........########.....
#....##..[..##@....#######.....
#....'......##.......##.....<..
#....##.....##.......##).......
#....##.....##.......##........
#..).####'####.......##........
#....####.####.......########..
#..†.##.....##........#########
#....##.....##..............###
#....##.....##...............'.


You could see Nikola.

Vanquished Creatures
  Vashnia (Snake:2)
  Asterion (Snake:2)
  Agnes (Lair:4)
  Gastronok (Lair:2)
  Donald (Snake:1)
  A frost giant (D:15)
  Nessos (D:13)
  Josephine (Lair:4)
  A minotaur (Lab)
  The ghost of Zebulonius the Severer, a journeyman MiBe of Trog (D:12)
  6 naga warriors
  An ice dragon (D:12)
  7 hydras
  2 death knights
  5 centaur warriors
  2 dancing weapons (D:14)
  4 anacondas
  4 catoblepae
  4 ogre magi (Orc:2)
  25 two-headed ogres
  10 death yaks
  11 naga sharpshooters
  Sonja (Lair:1)
  4 shock serpents
  A skeletal warrior (D:15)
  A salamander mystic (Snake:3)
  An unseen horror (D:15)
  3 naga ritualists
  An orc knight (D:15)
  7 ugly things
  6 mana vipers
  2 orc sorcerers
  2 manticores (Lair:6)
  3 cyclopes
  4 salamanders
  6 naga magi
  17 black mambas
  Maurice (Orc:1)
  14 elephants
  2 centaur zombies
  A merfolk siren (Lair:3)
  A guardian serpent (Snake:2)
  9 spiny frogs
  6 gargoyles
  A guardian serpent (shapeshifter) (D:15)
  5 centaur skeletons
  4 komodo dragons
  An efreet (Volcano)
  2 rime drakes
  2 freezing wraiths (D:15)
  8 trolls
  A merfolk (shapeshifter) (D:13)
  2 polar bears
  A hornet (D:8)
  Grinder (D:5)
  5 slime creatures
  2 blink frogs (Lair:2)
  9 dream sheep
  A harpy skeleton (D:14)
  7 hippogriffs
  5 wraiths
  5 wyverns
  Grum (D:11)
  A spriggan (D:9)
  A fire elemental (Volcano)
  A yak (shapeshifter) (D:13)
  68 yaks
  2 basilisks (Lair:2)
  3 hungry ghosts
  A steam dragon (D:10)
  8 vampire mosquitoes (D:15)
  13 nagas
  2 acid dragons
  3 wargs
  9 water moccasins
  9 porcupines
  4 sky beasts
  21 orc warriors
  3 phantoms
  2 black bears
  4 ice beasts
  2 eyes of draining
  A necrophage (D:8)
  32 ogres
  5 wolves
  17 centaurs
  A big kobold (D:13)
  26 crocodiles
  21 bullfrogs
  A gnoll sergeant (D:9)
  4 wyvern skeletons
  A water moccasin skeleton (D:10)
  A scorpion (D:7)
  14 killer bees
  12 wights
  2 electric eels
  4 howler monkeys
  13 crimson imps
  4 jellies
  2 quasits
  2 bullfrog zombies
  8 hounds
  A bullfrog skeleton (D:13)
  14 orc priests
  9 iguanas
  19 orc wizards
  10 worker ants
  The ghost of Iko the Magician, a weakling MiWz of Ru (D:3)
  3 hound zombies
  2 worker ant zombies
  2 hound skeletons
  6 gnolls
  14 adders
  6 shadow imps
  An ooze (D:1)
  An adder zombie (D:7)
  A worm (shapeshifter) (D:14)
  3 worms
  4 dart slugs
  13 leopard geckos
  55 orcs
  A ball python (D:5)
  4 giant cockroaches
  4 goblins
  11 hobgoblins
  2 jackals (D:5)
  10 kobolds
  2 quokkas
  A ball python zombie (D:2)
  4 bats
  10 frilled lizards
  A jackal skeleton (D:4)
  A leopard gecko skeleton (D:6)
  A leopard gecko zombie (D:6)
  11 rats
  2 fungi
  5 plants
810 creatures vanquished.

Vanquished Creatures (others)
  A polar bear (D:12)
  A shadow (D:13)
  A fire elemental (Volcano)
  21 fungi
  14 plants
38 creatures vanquished.

Grand Total: 848 creatures vanquished

Notes
Turn   | Place    | Note
-------+----------+-------------------------------------------
     0 | D:1      | equalderp2856 the Minotaur Fighter began the quest for the Orb.
     0 | D:1      | Reached XP level 1. HP: 19/19 MP: 0/0
    95 | D:1      | Reached XP level 2. HP: 19/27 MP: 1/1
   389 | D:1      | Reached XP level 3. HP: 33/33 MP: 2/2
   407 | D:1      | Reached skill level 3 in Axes
   978 | D:2      | Found a shadowy altar of Dithmenos.
   978 | D:2      | Found an opulent altar of Gozag.
  1060 | D:3      | Noticed Iko's ghost (weakling MiWz)
  1302 | D:3      | Reached XP level 4. HP: 40/40 MP: 3/3
  1344 | D:4      | Reached skill level 1 in Dodging
  1516 | D:4      | Reached XP level 5. HP: 45/47 MP: 4/4
  1544 | D:4      | Found Ajid Tita's Book Shoppe.
  1557 | D:4      | Reached skill level 4 in Axes
  1800 | D:4      | Got a slimy bone ring
  1936 | D:5      | Entered Level 5 of the Dungeon
  1949 | D:5      | Found Huvul's Antique Weapon Emporium.
  2020 | D:5      | Noticed Prince Ribbit
  2151 | D:5      | Noticed Grinder
  2161 | D:5      | Reached skill level 5 in Axes
  2250 | D:3      | Reached XP level 6. HP: 55/55 MP: 5/5
  2264 | D:3      | Killed Iko's ghost
  2577 | D:3      | Reached skill level 5 in Shields
  2787 | D:5      | Reached skill level 5 in Armour
  2859 | D:5      | Reached skill level 6 in Axes
  2859 | D:5      | Reached XP level 7. HP: 51/60 MP: 6/6
  2966 | D:5      | Killed Grinder
  2966 | D:5      | Reached skill level 5 in Fighting
  2966 | D:5      | Reached skill level 1 in Evocations
  3231 | D:5      | Noticed Blork the orc
  3259 | D:6      | Found Bydwics's Antique Armour Emporium.
  3512 | D:6      | Reached skill level 7 in Axes
  3512 | D:6      | Reached skill level 1 in Stealth
  3522 | D:6      | Reached XP level 8. HP: 64/68 MP: 8/8
  3813 | D:6      | Found a staircase to the Ecumenical Temple.
  4165 | D:7      | Identified the ring of Jutuckym {+Fly rF+ rC+ Int+2 Dex+2} (You found it on level 4 of the Dungeon)
  4249 | D:7      | Reached skill level 8 in Axes
  4535 | D:7      | Found Mymuahul's Antique Armour Shoppe.
  4893 | D:7      | Found an iron altar of Okawaru.
  4919 | D:8      | Noticed a hornet
  4941 | D:8      | Killed a hornet
  4941 | D:8      | Reached skill level 9 in Axes
  5146 | D:8      | Reached XP level 9. HP: 52/75 MP: 9/9
  5848 | D:8      | Noticed a two-headed ogre
  5855 | D:8      | Killed a two-headed ogre
  5855 | D:8      | Reached skill level 10 in Axes
  6028 | D:8      | Found a stormy altar of Qazlal.
  6451 | D:9      | Found a hazy altar of Hepliaklqana.
  6508 | D:9      | Reached XP level 10. HP: 79/86 MP: 10/10
  6910 | D:9      | Reached skill level 11 in Axes
  6932 | D:9      | Noticed a two-headed ogre
  7161 | D:9      | Killed a two-headed ogre
  7530 | D:10     | Entered Level 10 of the Dungeon
  7876 | D:10     | Found a staircase to the Orcish Mines.
  8215 | D:10     | Reached skill level 12 in Axes
  8256 | D:10     | Found Huwaton's Gadget Shop.
  8780 | D:11     | Found a staircase to the Lair.
  8817 | D:10     | Reached skill level 5 in Dodging
  9128 | D:11     | Reached XP level 11. HP: 73/95 MP: 8/12
  9254 | D:11     | Noticed a two-headed ogre
  9276 | D:11     | Killed a two-headed ogre
  9276 | D:11     | Reached skill level 1 in Spellcasting
  9811 | D:11     | Noticed Fannar
 11650 | D:11     | Reached skill level 13 in Axes
 11669 | D:11     | Reached skill level 10 in Shields
 11765 | D:12     | Noticed Zebulonius's ghost (journeyman MiBe)
 12317 | D:12     | Found a frozen archway.
 12328 | D:12     | Noticed an ice dragon
 12499 | Lair:1   | Entered Level 1 of the Lair of Beasts
 12499 | Lair:1   | Noticed Grum
 12506 | D:11     | Killed Grum
 12629 | Lair:1   | Reached skill level 10 in Armour
 12755 | Lair:1   | Reached XP level 12. HP: 47/106 MP: 10/15
 12824 | Lair:1   | Noticed Sonja
 12885 | Lair:1   | Found a labyrinth entrance.
 12898 | Lab      | Entered a labyrinth
 14290 | Lab      | Noticed a minotaur
 14302 | Lab      | Killed a minotaur
 14302 | Lab      | Reached skill level 10 in Fighting
 14334 | Lab      | Found the +10 dark maul {crush}
 14348 | Lab      | Got a translucent copper ring
 14671 | Lair:1   | Identified the ring of Culop {rPois rC++ Str-5 SInv} (You found it in a labyrinth)
 14762 | Lair:1   | Killed Sonja
 15293 | Lair:1   | Reached skill level 14 in Axes
 15620 | Lair:2   | Identified Ugel's Papyrus of the Glacier and Venom
 15907 | Lair:2   | Noticed a five-headed hydra
 15948 | Lair:2   | Noticed Gastronok
 16254 | Lair:2   | Killed a six-headed hydra
 16314 | Lair:2   | Reached skill level 1 in Polearms
 17297 | Lair:2   | Killed Gastronok
 17616 | Lair:3   | Noticed a six-headed hydra
 17708 | Lair:3   | Found a dark tunnel.
 17777 | Volcano  | Entered a volcano
 17959 | Lair:3   | Got a pair of shimmering boots
 17973 | Lair:3   | Identified the +0 pair of boots of Disaster {Str+4} (You found it on level 3 of the Lair of Beasts)
 18166 | Lair:3   | Reached XP level 13. HP: 99/114 MP: 13/18
 18550 | Lair:3   | Found a staircase to the Shoals.
 19168 | Lair:4   | Found a staircase to the Snake Pit.
 19722 | Lair:4   | Noticed Josephine
 19747 | Lair:4   | Killed Josephine
 20350 | Lair:5   | Reached skill level 5 in Spellcasting
 20481 | Lair:5   | Reached skill level 15 in Axes
 20739 | Lair:5   | Found a radiant altar of Vehumet.
 20899 | Lair:5   | Got a pair of pitted boots
 20901 | Lair:5   | Identified the +0 pair of boots of the Yeti {rN+ SInv} (You found it on level 5 of the Lair of Beasts)
 21266 | Lair:6   | Entered Level 6 of the Lair of Beasts
 23162 | Lair:5   | Reached XP level 14. HP: 96/124 MP: 16/21
 23505 | Lair:6   | Found a viscous altar of Jiyva.
 23505 | Lair:6   | Found a staircase to the Slime Pits.
 23938 | Lair:6   | Reached skill level 16 in Axes
 26142 | D:12     | Killed Zebulonius's ghost
 27615 | D:13     | Found a roughly hewn altar of Beogh.
 27770 | D:13     | Noticed Nessos
 27795 | D:13     | Killed Nessos
 28387 | D:13     | Reached skill level 17 in Axes
 29364 | D:14     | Found a gate to the Vaults.
 29428 | D:14     | Reached XP level 15. HP: 125/134 MP: 20/22
 29998 | Orc:1    | Entered Level 1 of the Orcish Mines
 29998 | Orc:1    | Noticed Maurice
 30027 | Orc:1    | Killed Maurice
 30144 | Orc:2    | Entered Level 2 of the Orcish Mines
 30531 | Orc:2    | Found Doipn's Armour Emporium.
 30531 | Orc:2    | Found Xolit's Food Shop.
 30531 | Orc:2    | Found Onanud's Book Boutique.
 30531 | Orc:2    | Found Ynguret's General Store.
 31334 | Orc:2    | Found a staircase to the Elven Halls.
 31550 | Orc:2    | Reached skill level 18 in Axes
 31798 | Orc:2    | Bought a scroll of fog for 26 gold pieces
 31798 | Orc:2    | Bought a potion of lignification for 39 gold pieces
 32850 | Lair:1   | Learned a level 4 spell: Force Lance
 33302 | D:15     | Entered Level 15 of the Dungeon
 33554 | D:15     | Reached skill level 1 in Translocations
 34592 | D:6      | Bought a runed plate armour for 676 gold pieces
 34847 | D:15     | Found a sacrificial altar of Ru.
 35066 | D:15     | Noticed a frost giant
 35190 | D:15     | Killed a frost giant
 35379 | D:15     | Found Zoewolo's Weapon Boutique.
 35648 | D:15     | Found a staircase to the Depths.
 35894 | Snake:1  | Entered Level 1 of the Snake Pit
 35894 | Snake:1  | Noticed Agnes
 35921 | Lair:4   | Killed Agnes
 35921 | Lair:4   | Reached XP level 16. HP: 86/146 MP: 8/23
 37731 | Snake:2  | Noticed Donald
 37771 | Snake:1  | Killed Donald
 37970 | Snake:2  | Reached skill level 15 in Shields
 38100 | Snake:2  | Noticed Vashnia
 39068 | Snake:2  | Killed Vashnia
 39068 | Snake:2  | Reached skill level 15 in Armour
 39742 | Snake:2  | Noticed Saint Roka
 40417 | Snake:2  | Noticed Asterion
 40586 | Snake:2  | HP: 2/147 [shock serpent/bolt of electricity (21)]
 40973 | Snake:2  | Killed Asterion
 40976 | Snake:2  | Got a pitted shield
 40988 | Snake:2  | Identified the +7 shield "Oblutym" {*Corrode rPois rN++} (You took it off Asterion on level 2 of the Snake Pit)
 41202 | Snake:2  | Reached skill level 15 in Fighting
 41431 | Snake:2  | Found Otughoz's Jewellery Emporium.
 42631 | Snake:3  | Noticed Nikola
 42661 | Snake:3  | Killed from afar by Nikola

Skill      XL: |  1  2  3  4  5  6  7  8  9 10 11 12 13 14 15 16 |
---------------+-------------------------------------------------+-----
Armour         | 4 5 6 7 8 9 10 11 12 13 14 15 | 15.4
Fighting       | 4 5 6 7 8 9 10 11 12 14 15 | 15.1
Axes           | 3 5 6 7 9 10 12 13 14 15 17 18 | 18.8
Shields        | 4 5 6 8 9 10 11 12 13 14 15 | 15.6
Dodging        | 1 2 4 5 |  5.6
Evocations     | 1 2 3 4 |  4.5
Stealth        | 1 2 3 |  3.0
Spellcasting   | 2 4 5 |  5.5
Polearms       | 1 3 |  3.9
Translocations | 2 4 |  4.3

Action                   |  1- 3 |  4- 6 |  7- 9 | 10-12 | 13-15 | 16-18 || total
-------------------------+-------+-------+-------+-------+-------+-------++-------
Melee: War axe           |    97 |   117 |   313 |   896 |   469 |   424 ||  2316
       Headbutt          |    20 |    20 |    57 |   223 |   474 |   147 ||   941
       Trident           |       |       |       |    15 |    32 |     3 ||    50
       Broad axe         |       |       |       |       |   976 |    85 ||  1061
Evoke: Wand              |       |     5 |    17 |    47 |    17 |     8 ||    94
       Lightning rod     |       |       |       |       |     2 |     3 ||     5
       Box of beasts     |       |       |       |       |       |     3 ||     3
  Use: Potion            |       |       |     3 |     1 |     2 |     5 ||    11
       Scroll            |       |       |       |    18 |     9 |    11 ||    38
 Stab: Sleeping          |       |       |     1 |       |       |       ||     1
       Petrified         |       |       |       |       |     6 |       ||     6
  Eat: Chunk             |     1 |     5 |     9 |    24 |    37 |     3 ||    79
       Ration            |       |       |     1 |     5 |     6 |     6 ||    18
Armor: Scale mail        |    36 |    44 |   139 |    47 |       |       ||   266
       Plate armour      |       |       |       |   432 |   486 |   178 ||  1096
Dodge: Dodged            |    26 |    46 |   123 |   239 |   360 |   144 ||   938
Block: Shield            |    48 |    56 |   178 |   602 |   787 |   320 ||  1991
